 Dungeon Crawl Stone Soup version 0.22.1-1-ga44c0e5 (webtiles) character file.

42 Harpaggios the Insei (level 3, 0/28 HPs)
             Began as a Gnoll Transmuter on Oct 17, 2018.
             Succumbed to a gnoll's poison
             ... on level 2 of the Dungeon.
             The game lasted 00:03:13 (1066 turns).

Harpaggios the Insei (Gnoll Transmuter)             Turns: 1066, Time: 00:03:14

Health: 0/28       AC:  3    Str: 11 (12) XL:     3   Next: 56%
Magic:  9/9        EV: 14    Int: 15 (16) God:
Gold:   40         SH:  0    Dex: 13 (15) Spells: 11/12 levels left

rFire    . . .     SeeInvis .     - Unarmed
rCold    . . .     Gourm    .   (no shield)
rNeg     . . .     Faith    .   b - +0 robe
rPois    .         Spirit   .   (no helmet)
rElec    .         Reflect  .   (no cloak)
rCorr    .         Harm     .   (no gloves)
MR       .....                  (no boots)
Stlth    ++........             (no amulet)
HPRegen  0.09/turn              i - +1 ring of protection
MPRegen  0.11/turn              (no ring)

@: lethally poisoned (0 -> -14)
A: distributed training, fangs 1, strong nose
a: no special abilities


You were on level 2 of the Dungeon.
You were not hungry.

You visited 1 branch of the dungeon, and saw 2 of its levels.

You collected 40 gold pieces.

Inventory:

Missiles
 a - 24 arrows
Armour
 b - a +0 robe (worn)
Jewellery
 i - a +1 ring of protection (left hand)
Wands
 k - a wand of acid (5)
Scrolls
 e - 4 scrolls of identify
 g - 2 scrolls of remove curse {unknown}
 h - a scroll of fear {unknown}
 j - a scroll of enchant weapon
Potions
 c - a potion of lignification
Comestibles
 d - 2 rations
 f - a chunk of flesh


   Skills:
 + Level 2.6 Fighting
 + Level 0.8 Short Blades
 + Level 0.8 Long Blades
 + Level 0.8 Axes
 + Level 0.8 Maces & Flails
 + Level 0.8 Polearms
 + Level 0.8 Staves
 + Level 0.8 Slings
 + Level 0.8 Bows
 + Level 0.8 Crossbows
 + Level 0.8 Throwing
 + Level 0.8 Armour
 + Level 4.5 Dodging
 + Level 0.8 Stealth
 + Level 0.8 Shields
 + Level 6.5 Unarmed Combat
 + Level 5.0 Spellcasting
 + Level 0.5 Conjurations
 + Level 0.5 Hexes
 + Level 0.5 Charms
 + Level 0.5 Summonings
 + Level 0.5 Necromancy
 + Level 0.5 Translocations
 + Level 3.7 Transmutations
 + Level 0.5 Fire Magic
 + Level 0.5 Ice Magic
 + Level 0.5 Air Magic
 + Level 0.5 Earth Magic
 + Level 0.5 Poison Magic
 + Level 1.0 Invocations
 + Level 0.8 Evocations


You had 11 spell levels left.
You knew the following spells:

 Your Spells              Type           Power        Failure   Level  Hunger
a - Beastly Appendage     Tmut           ###...       3%          1    None

Your spell library contained the following spells:

 Spells                   Type           Power        Failure   Level  Hunger
 Sticks to Snakes         Tmut           ###.....     5%          2    ##.....
 Spider Form              Tmut/Pois      ##........   21%         3    ###....
 Ice Form                 Ice/Tmut       ##......     54%         4    ####...
 Blade Hands              Tmut           ###.......   67%         5    ######.


Dungeon Overview and Level Annotations

Branches:
Dungeon (2/15)

Altars:


Innate Abilities, Weirdness & Mutations

Your experience applies equally to all skills.
You have very sharp teeth.
Your uncanny sense of smell can sniff out nearby items.


Message History

The gnoll barely misses you.
You feel sick.
The gnoll throws a stone.
The stone barely misses you.
You see here a stone.
You feel sick. The gnoll misses you. The gnoll closely misses you.
You hit the gnoll. You headbutt the gnoll!
You kill the gnoll!
You feel your dexterity returning.
Your Invocations skill increases to level 1!
The gnoll hits you from afar with a spear of piercing.
You feel sick.
You see here a stone.
Your horns disappear.
You feel sick. The gnoll barely misses you.
The gnoll hits you from afar with a spear of venom.
You are lethally poisoned!
The gnoll hits you with a spear of piercing!
* * * LOW HITPOINT WARNING * * *
x2 You hit the gnoll.
The gnoll is moderately wounded.
You die...

.##.##....####.#
###.###.#####.
.#...##.#. #.# #.##
##.# ...#....#. #.#
##.###.##
(#...##.#.## #.#
##.#.##
.##........###.#
##.##
.##..#####.#...## #.#
...[[# #..###.# #.#
###..# #..#
#.######.# ##.###
#..###g@(.(..(#
#)..###....g#########
####.......###..).#
.#.......### #.##.#
...>.<...# #.# ∆#
.#.(.....# #.#
####...#.# #.#
####.).#.# #.#
.......>.# #.#


You could see 2 gnolls.

Vanquished Creatures
  A gnoll (D:2)
  An adder (D:2)
  2 leopard geckos
  A ball python (D:2)
  A goblin (D:1)
  A hobgoblin (D:1)
  A quokka (D:2)
  4 bats
  2 frilled lizards (D:2)
  5 kobolds
  3 rats
22 creatures vanquished.

Notes
Turn   | Place    | Note
-------+----------+-------------------------------------------
     0 | D:1      | Harpaggios the Gnoll Transmuter began the quest for the
                  | Orb.
     0 | D:1      | Reached XP level 1. HP: 17/17 MP: 6/6
   344 | D:1      | Reached XP level 2. HP: 15/23 MP: 7/7
   789 | D:2      | Reached skill level 5 in Spellcasting
   789 | D:2      | Reached XP level 3. HP: 16/28 MP: 7/9
  1062 | D:2      | Reached skill level 1 in Invocations
  1065 | D:2      | HP: 1/28 [gnoll/spear of piercing (2)]
  1066 | D:2      | Succumbed to a gnoll's poison

Skill      XL: |  1  2  3 |
---------------+----------+-----
Spellcasting   | 5 |  5.0
Invocations    | 1 |  1.0
Fighting       | |  2.6
Short Blades   | |  0.8
Long Blades    | |  0.8
Axes           | |  0.8
Maces & Flails | |  0.8
Polearms       | |  0.8
Staves         | |  0.8
Slings         | |  0.8
Bows           | |  0.8
Crossbows      | |  0.8
Throwing       | |  0.8
Armour         | |  0.8
Dodging        | |  4.5
Stealth        | |  0.8
Shields        | |  0.8
Unarmed Combat | |  6.5
Conjurations   | |  0.5
Hexes          | |  0.5
Charms         | |  0.5
Summonings     | |  0.5
Necromancy     | |  0.5
Translocations | |  0.5
Transmutations | |  3.7
Fire Magic     | |  0.5
Ice Magic      | |  0.5
Air Magic      | |  0.5
Earth Magic    | |  0.5
Poison Magic   | |  0.5
Evocations     | |  0.8

Action                   || total
-------------------------++-------
Melee: Unarmed           ||    70
       Headbutt          ||     4
       Bite              ||     4
       Kick              ||     1
 Cast: Beastly Appendage ||     7
  Use: Scroll            ||     4
       Potion            ||     3
Armor: Robe              ||    12
Dodge: Dodged            ||    58
